 Dungeon Crawl Stone Soup version 0.29.1-14-g9c671dbff4 (webtiles) character file.

Game seed: 14143137610006770526

1207 wolfrpgdude the Slasher (level 8, -6/70 HPs)
             Began as a Minotaur Fighter on Feb 14, 2023.
             Was a Believer of Okawaru.
             Mangled by a yak (12 damage)
             ... on level 5 of the Dungeon.
             The game lasted 00:07:30 (4047 turns).

wolfrpgdude the Slasher (Minotaur Fighter)          Turns: 4047, Time: 00:07:31

Health: -6/70      AC: 18    Str: 23    XL:     8   Next: 21%
Magic:  14/16      EV:  9    Int:  5    God:    Okawaru [**....]
Gold:   159        SH:  6    Dex: 10    Spells: 7/7 levels left

rFire   . . .      SeeInvis .   a - +0 long sword (spect)
rCold   . . .      Faith    .   c - +0 buckler
rNeg    + . .      Spirit   .   o - +0 plate armour
rPois   .          Reflect  .   (helmet restricted)
rElec   .          Harm     .   r - +0 cloak
rCorr   .          Rampage  .   (no gloves)
Will    .....                   t - +0 pair of boots
Stlth   ..........              (no amulet)
HPRegen 0.21/turn               b - ring of positive energy
MPRegen 0.15/turn               e - ring of magical power

@: heroic
A: horns 2, retaliatory headbutt
a: Renounce Religion, Heroism


You were on level 5 of the Dungeon.
You worshipped Okawaru.
Okawaru was pleased with you.
You visited 1 branch of the dungeon, and saw 5 of its levels.

You collected 159 gold pieces.

Inventory:

Hand Weapons
 a - a +0 spectral long sword (weapon)
Armour
 c - a +0 buckler (worn)
 o - a +0 plate armour (worn)
 r - a +0 cloak (worn)
 t - a +0 pair of boots (worn)
Jewellery
 b - a ring of positive energy (left hand)
 e - a ring of magical power (right hand)
Wands
 s - a wand of roots (4)
Scrolls
 f - 10 scrolls of identify
 i - 2 scrolls of brand weapon
 l - 2 scrolls of fog
 q - 2 scrolls of teleportation
Potions
 d - a potion of might
 g - a potion of lignification {unknown}
 h - a potion of invisibility {unknown}
 j - a potion of cancellation
 k - a potion of resistance {unknown}
 m - a potion of degeneration {unknown}
 n - a potion of heal wounds {unknown}
 p - 3 potions of curing {unknown}


   Skills:
 + Level 6.0(11.0) Fighting
 + Level 7.8(12.8) Long Blades
 + Level 7.0(12.0) Armour
 + Level 1.3(6.3) Dodging
 + Level 0.8(5.8) Stealth
 + Level 5.4(10.4) Shields


You had 7 spell levels left.
You didn't know any spells.
Your spell library was empty.

Dungeon Overview and Level Annotations

Branches:
Dungeon (5/15)
 Temple: D:4-7

Altars:
Makhleb
Okawaru
Xom

Shops:
D:4 =


Innate Abilities, Weirdness & Mutations

You have a pair of horns on your head.
You reflexively headbutt those who attack you in melee.


Message History

The yak bellows!
You hit the yak but do no damage.
The yak is moderately wounded.
You hear a bellow!
The yak gores you!
* * * LOW HITPOINT WARNING * * *
You hit the yak. You headbutt the yak.
The yak is moderately wounded.
The yak gores you.
* * * LOW HITPOINT WARNING * * *
You hit the yak.
The yak is heavily wounded.
The yak gores you but does no damage.
You feel very mighty all of a sudden. The yak gores you but does no damage.
You gain the combat prowess of a mighty hero.
The yak gores you.
* * * LOW HITPOINT WARNING * * *
You slash the yak! Your headbutt misses the yak.
The yak is severely wounded.
The yak gores you.
* * * LOW HITPOINT WARNING * * *
You slash the yak!
You kill the yak!
Okawaru is honoured by your kill.
Your base Fighting skill increases to level 6!
Your base Armour skill increases to level 7!
You hit the yak.
The yak is lightly wounded.
You slash the yak!
The yak is heavily wounded.
A yak comes into view.
The yak gores you!
* * * LOW HITPOINT WARNING * * *
It was a potion of cancellation.
Your magical effects are unravelling.
You feel magically purged.
You feel a little less mighty now. The yak gores you!
You die...

### ##Y##
##Y#.##
##########Y###Y#
#.......@Y##
##.Y.Y..Y
#.########.#
......Y #.# #.#
####### ### #.#
..#
##.####.####...
...
#.#............
.###
##.####.####.#.
# #.# #)# #.#
#.#


You could see 4 yaks.

Vanquished Creatures
  2 yaks (D:5)
  2 black bears
  A necrophage (D:5)
  5 wights (D:5)
  A gnoll bouda (D:5)
  Crazy Yiuf (D:4)
  An iguana (D:5)
  Ijyb (D:5)
  3 orc wizards (D:5)
  11 adders
  6 gnolls
  An ufetubus (D:5)
  A worm (D:3)
  The ghost of leafyfresh the Covert, a weakling GnDe (D:3)
  3 dart slugs
  5 orcs
  8 endoplasms
  A giant cockroach (D:2)
  5 goblins
  8 hobgoblins
  3 jackals (D:3)
  A kobold (D:4)
  3 quokkas
  7 ball pythons
  4 bats
  A frilled lizard (D:2)
  6 rats
92 creatures vanquished.

Vanquished Creatures (others)
  A gnoll (D:3)
1 creature vanquished.

Grand Total: 93 creatures vanquished

Notes
Turn   | Place    | Note
-------+----------+-------------------------------------------
     0 | D:1      | wolfrpgdude the Minotaur Fighter began the quest for the
                  | Orb.
     0 | D:1      | Reached XP level 1. HP: 19/19 MP: 0/0
   375 | D:1      | Reached XP level 2. HP: 27/27 MP: 1/1
  1209 | D:2      | Reached XP level 3. HP: 31/33 MP: 2/2
  1924 | D:3      | Reached XP level 4. HP: 30/40 MP: 3/3
  2175 | D:3      | Reached XP level 5. HP: 47/47 MP: 4/4
  2344 | D:3      | Found a runed translucent door.
  2344 | D:3      | Noticed leafyfresh's ghost (weakling GnDe)
  2429 | D:3      | Found a burning altar of Makhleb.
  2429 | D:3      | Noticed a cacodemon
  2442 | D:3      | Noticed a ynoxinul
  2442 | D:3      | Noticed an orange demon
  2536 | D:3      | Killed leafyfresh's ghost
  2610 | D:4      | Found Ekithal's Jewellery Boutique.
  2642 | D:4      | Noticed a black bear
  2649 | D:4      | Killed a black bear
  2650 | D:4      | Reached skill level 5 in Armour
  2954 | D:4      | Reached skill level 5 in Long Blades
  2954 | D:4      | Reached XP level 6. HP: 52/53 MP: 5/5
  3251 | D:4      | Found an iron altar of Okawaru.
  3251 | D:4      | Found a shimmering altar of Xom.
  3255 | D:4      | Became a worshipper of Warmaster Okawaru
  3344 | D:4      | Found a runed translucent door.
  3345 | D:4      | Noticed Crazy Yiuf
  3350 | D:4      | Killed Crazy Yiuf
  3457 | D:5      | Entered Level 5 of the Dungeon
  3476 | D:5      | Reached skill level 1 in Dodging
  3575 | D:5      | Reached XP level 7. HP: 60/60 MP: 6/6
  3590 | D:5      | Reached * piety under Okawaru
  3591 | D:5      | Reached skill level 5 in Fighting
  3596 | D:5      | Noticed Ijyb
  3607 | D:5      | Killed Ijyb
  3608 | D:5      | Reached skill level 5 in Shields
  4008 | D:5      | Noticed a yak
  4008 | D:5      | Noticed a yak
  4009 | D:5      | Noticed a yak
  4012 | D:5      | Noticed a yak
  4012 | D:5      | Noticed a yak
  4037 | D:5      | Killed a yak
  4037 | D:5      | Reached ** piety under Okawaru
  4038 | D:5      | Reached XP level 8. HP: 32/70 MP: 7/7
  4047 | D:5      | Mangled by a yak

Illustrated notes

Levels and vault maps discovered:
D:1:      dpeg_arrival_arbitrary_a, layout_loops_corners, minmay_liquid_box,
          nicolae_hexahallways
D:2:      layout_basic
D:3:      minmay_bubble_buster, layout_rooms, mainiacjoe_overflow_alcove_4,
          makhleb_altar_promises_db, gammafunk_ghost_grave
D:4:      layout_loops_ring, gammafunk_temple_overflow_elements, serial_shops,
          nicolae_shop_stone, uniq_crazy_yiuf_cottage
D:5:      layout_loops_ring, uniq_pikel, uniq_ijyb, uniq_menkaure, uniq_duvessa

Skill      XL: |  1  2  3  4  5  6  7  8 |
---------------+-------------------------+-----
Shields        | 4 5 |  5.4
Fighting       | 4 5 6 |  6.0
Armour         | 4 5 6 7 |  7.0
Long Blades    | 3 5 6 7 |  7.8
Dodging        | 1 |  1.3
Stealth        | |  0.8

Action                   |  1- 3 |  4- 6 |  7- 9 || total
-------------------------+-------+-------+-------++-------
Melee: Long sword        |    71 |    73 |    59 ||   203
       Headbutt          |     8 |     8 |    11 ||    27
Invok: Heroism           |       |       |     1 ||     1
  Use: Scroll            |     3 |     4 |       ||     7
       Potion            |       |       |     2 ||     2
 Stab: Distracted        |       |     1 |       ||     1
Armor: Scale mail        |    28 |       |       ||    28
       Plate armour      |     7 |    48 |    23 ||    78
Dodge: Dodged            |    33 |    15 |    12 ||    60
Block: Buckler           |    17 |    10 |     7 ||    34
